 Dungeon Crawl Stone Soup version 0.27-a0-828-g8289197e94 (console) character file.

Game seed: 7934245029900209801

660 jejorda2 the Spear-Bearer (level 7, 0/84 HPs)
             Began as a Merfolk Berserker on Mar 30, 2021.
             Was a Priest of Trog.
             Succumbed to a scorpion's poison
             ... on level 5 of the Dungeon.
             The game lasted 00:07:01 (4666 turns).

jejorda2 the Spear-Bearer (Merfolk Berserker)       Turns: 4666, Time: 00:07:01

Health: 0/84       AC: 11    Str: 20    XL:     7   Next: 56%
Magic:  7/7        EV:  8    Int:  6    God:    Trog [***...]
Gold:   178        SH:  0    Dex: 13    Spells: 6/6 levels left

rFire    . . .     SeeInvis .   a - +2 trident (vorpal)
rCold    . . .     Faith    .   (no shield)
rNeg     + . .     Spirit   .   t - +0 chain mail
rPois    .         Reflect  .   (no helmet)
rElec    .         Harm     .   w - +0 cloak
rCorr    .         Rampage  .   b - +0 pair of gloves
Will     .....                  (no boots)
Stlth    ..........             (no amulet)
HPRegen  0.24/turn              f - ring of positive energy
MPRegen  0.10/turn              (no ring)

@: berserking (expiring), lethally poisoned (0 -> -5), very quick
A: (nimble swimmer 2), mertail
a: Renounce Religion, Berserk, Trog's Hand


You were on level 5 of the Dungeon.
You worshipped Trog.
Trog was most pleased with you.
You visited 1 branch of the dungeon, and saw 5 of its levels.

You collected 178 gold pieces.

Inventory:

Hand Weapons
 a - a +2 vorpal trident (weapon)
 x - a +0 trident
Missiles
 e - 4 silver boomerangs
 o - 8 poisoned darts
 u - 8 boomerangs
Armour
 b - a +0 pair of gloves (worn)
 t - a +0 chain mail (worn)
 w - a +0 cloak (worn)
Jewellery
 f - a ring of positive energy (left hand)
Wands
 h - a wand of acid (9)
 v - a wand of digging (2)
Scrolls
 g - a scroll of teleportation
Potions
 c - a potion of mutation {unknown}
 i - a potion of berserk rage {unknown}
 k - a potion of lignification {unknown}
 l - a potion of brilliance {unknown}
 q - a potion of ambrosia {unknown}
 r - 2 potions of curing


   Skills:
 + Level 5.4 Fighting
 * Level 9.3 Polearms
 + Level 3.2 Armour
 - Level 2.6 Dodging


You had 6 spell levels left.
You didn't know any spells.
Your spell library was empty.

Dungeon Overview and Level Annotations

Branches:
Dungeon (5/15)
 Temple: D:4-7

Altars:

Annotations:
D:5 Prince Ribbit


Innate Abilities, Weirdness & Mutations

((You are quick and stealthy near water. (Stealth+, EV+, Speed+++)))
Your lower body shifts to a powerful aquatic tail in water.


Message History

You hit the scorpion.
The scorpion is moderately wounded.
The scorpion barely misses you.
You completely miss the scorpion.
The scorpion is moderately wounded.
Prince Ribbit blinks!
The scorpion barely misses you.
You impale the ogre!!
The ogre is almost dead.
The ogre hits you with a +0 giant club!!
You puncture the ogre!
You kill the ogre!
Trog accepts your kill. The scorpion stings you.
You are poisoned.
The scorpion poisons you!
Prince Ribbit hits you but does no damage.
Your Polearms skill increases to level 9!
You hit the jelly.
Your hands burn!
The jelly is moderately wounded.
You feel sick. The scorpion stings you.
You impale the jelly!!
You kill the jelly!
Trog accepts your kill.
You feel sick. Prince Ribbit hits you!
You puncture the scorpion!
The scorpion is severely wounded.
You feel sick. Prince Ribbit closely misses you.
The scorpion stings you but does no damage.
You hit the scorpion.
The scorpion is almost dead.
You feel sick. Prince Ribbit hits you!
* * * LOW HITPOINT WARNING * * *
The scorpion stings you but does no damage.
You barely miss the scorpion.
The scorpion is almost dead.
Prince Ribbit hits you!
* * * LOW HITPOINT WARNING * * *
You closely miss the scorpion.
The scorpion is almost dead.
You die...

#.....# ....
#.....###### ....
#........... ....
#...........
...##+#####...........
#.........#####......
+.........# #......
#..F......# #......
#..)@..[..# #......
......s####### #......
....... #......
....... #......
....... #......
....... #......
......# #...... ......


You could see Prince Ribbit and a scorpion.

Vanquished Creatures
  A necrophage (D:4)
  An ogre (D:5)
  A phantom (D:4)
  A scorpion (D:4)
  2 hounds
  A jelly (D:5)
  A bullfrog skeleton (D:5)
  2 iguanas
  A howler monkey zombie (D:4)
  4 adders
  A shadow imp (D:5)
  A worm (D:3)
  6 dart slugs
  17 orcs
  3 bats
  9 endoplasms
  5 giant cockroaches
  5 goblins
  4 hobgoblins
  7 jackals
  3 quokkas
  4 ball pythons
  4 frilled lizards
  10 kobolds
  5 rats
99 creatures vanquished.

Vanquished Creatures (others)
  23 plants (D:3)
23 creatures vanquished.

Grand Total: 122 creatures vanquished

Notes
Turn   | Place    | Note
-------+----------+-------------------------------------------
     0 | D:1      | jejorda2 the Merfolk Berserker began the quest for the Orb.
     0 | D:1      | Reached XP level 1. HP: 18/18 MP: 1/1
   252 | D:1      | Reached XP level 2. HP: 24/24 MP: 2/2
   536 | D:1      | Reached skill level 5 in Polearms
   845 | D:2      | Reached XP level 3. HP: 19/29 MP: 3/3
  1817 | D:2      | Reached XP level 4. HP: 35/37 MP: 4/4
  2135 | D:3      | Reached ** piety under Trog
  2146 | D:3      | Reached skill level 6 in Polearms
  2576 | D:3      | Found a faded altar of an unknown god.
  2655 | D:3      | Reached XP level 5. HP: 42/42 MP: 5/5
  3116 | D:4      | Noticed a necrophage
  3125 | D:4      | Killed a necrophage
  3126 | D:4      | Reached skill level 7 in Polearms
  3126 | D:4      | Reached XP level 6. HP: 49/49 MP: 6/6
  3214 | D:4      | Reached *** piety under Trog
  3237 | D:4      | Reached skill level 8 in Polearms
  4012 | D:4      | Reached skill level 5 in Fighting
  4222 | D:4      | Reached XP level 7. HP: 56/56 MP: 7/7
  4405 | D:5      | Entered Level 5 of the Dungeon
  4646 | D:5      | Noticed Prince Ribbit
  4661 | D:5      | Reached skill level 9 in Polearms
  4665 | D:5      | HP: 1/84 [Prince Ribbit (12)]
  4666 | D:5      | Succumbed to a scorpion's poison

Illustrated notes

Levels and vault maps discovered:
D:1:      minmay_arrival_shattered_statue, layout_loops_ring
D:2:      layout_basic
D:3:      minmay_angry_zag, layout_basic, chequers_ecumenical_altar_island,
          lexackson_kobold_supper
D:4:      layout_basic
D:5:      layout_gridville, hangedman_decor_points, uniq_prince_ribbit1,
          uniq_duvessa

Skill      XL: |  1  2  3  4  5  6  7 |
---------------+----------------------+-----
Polearms       | 5 6 7 8 9 |  9.3
Armour         | 2 3 |  3.2
Fighting       | 4 5 |  5.4
Dodging        | |  2.6

Action                   |  1- 3 |  4- 6 |  7- 9 || total
-------------------------+-------+-------+-------++-------
Melee: Spear             |   118 |    83 |       ||   201
       Trident           |       |   112 |    37 ||   149
       Tailslap          |       |     2 |       ||     2
Invok: Berserk           |     1 |     2 |     1 ||     4
  Use: Scroll            |       |       |     6 ||     6
 Stab: Sleeping          |     2 |       |       ||     2
Armor: Animal skin       |     2 |       |       ||     2
       Leather armour    |    11 |       |       ||    11
       Scale mail        |    14 |    31 |       ||    45
       Chain mail        |       |    10 |    12 ||    22
Dodge: Dodged            |    39 |    61 |    11 ||   111

Table legend: (Time is in decaauts)
 A = Elapsed time spent in this place.
 B = Non-inter-level travel time spent in this place.
 C = Inter-level travel time spent in this place.
 D = Time resting spent in this place.
 E = Time spent auto-exploring this place.
 F = Levels seen in this place.
 G = Mean time per level.
                   A        B        C        D        E       F      G
               +--------+--------+--------+--------+--------+-----+--------+
         Total |   4628 |   4293 |    335 |    161 |   3483 |   5 |  925.6 |
       Dungeon |   4628 |   4293 |    335 |    161 |   3483 |   5 |  925.6 |
               +--------+--------+--------+--------+--------+-----+--------+

Top non-repeatable levels by time:
     D:4: 1332 daAuts
     D:2: 1208 daAuts
     D:3: 1072 daAuts
     D:1: 781 daAuts
     D:5: 233 daAuts
